Map: Одиссея РВ

Players

Murena - Winner!

  • Race: Terran Terran
  • League: Silver
  • Spawn Location: 11:00

Ziazik

  • Race: Terran Terran
  • League: Platinum
  • Spawn Location: 5:00

VOD

Have the link to the VOD?

Description

Личное

Time

  • Played on: Oct. 14, 2018, 1:52 p.m.
  • Length: 15:24
Show
View Real Time Build Order
Export as new Build Order

Murena Terran - Winner!

Build Orders:  

Get SALT Encoding   

  12  0:01  SCV  
  13  0:13  SCV  
  14  0:19  Supply Depot  
  14  0:25  SCV  
  15  0:40  SCV  
  15  0:42  Barracks  
  16  0:55  Supply Depot  
  16  1:01  Refinery  
  16  1:02  SCV  
  17  1:16  SCV  
  18  1:37  Refinery  
  18  1:38  Orbital Command  
  18  1:41  Marine  
  19  1:59  Reaper  
  20  2:07  Bunker  
  20  2:26  Factory  
  20  2:28  SCV  
  21  2:35  Engineering Bay  
  21  2:39  Marine  
  21  2:40  SCV  
  23  2:47  Factory  
  23  2:53  SCV  
  24  3:02  Supply Depot  
  24  3:18  Barracks Tech Lab  
  24  3:30  Factory Tech Lab  
  24  3:31  Terran Infantry Weapons Level 1  
  24  3:38  Missile Turret  
  24  3:44  Marauder  
  24  3:46  Factory Tech Lab  
  26  3:53  Siege Tank  
  29  3:57  Missile Turret  
  29  3:59  Barracks  
  29  4:02  SCV  
  30  4:11  Supply Depot  
  30  4:14  SCV  
  30  4:15  Siege Tank  
  34  4:18  Marine  
  34  4:41  Marine  
  35  4:46  Siege Tank  
  35  4:51  Barracks Reactor  
  38  4:53  Siege Tank  
  38  4:55  SCV  
  38  4:59  Marine  
  43  5:07  SCV  
  44  5:17  Marine  
  45  5:23  Starport  
  45  5:35  Marine  
  46  5:39  Marine  
  46  5:41  Marine  
  38  5:52  Marine  
  38  5:56  Marine  
  37  5:59  Marine  
  38  6:10  Starport Reactor, Marine  
  39  6:12  Command Center, Cyclone  
  39  6:14  Marine  
  39  6:15  Hellion  
  39  6:17  Marine  
  46  6:38  Command Center  
  46  6:58  Marauder, Medivac  
  46  7:00  Supply Depot  
  50  7:01  Terran Infantry Armor Level 1  
  48  7:20  Marauder  
  43  7:33  Cyclone, Siege Tank  
  43  7:34  Marine  
  43  7:35  Marine  
  51  7:40  Marine  
  52  7:49  Bunker  
  52  7:53  SCV x2  
  54  8:02  Liberator  
  54  8:05  SCV  
  58  8:22  Medivac  
  47  8:30  Marine x3  
  47  8:34  Siege Tank  
  48  8:48  Marine x3  
  51  9:06  Marine x3  
  54  9:23  Marine, SCV x2  
  54  9:24  Marine x2  
  59  9:33  Missile Turret  
  59  9:35  SCV x2  
  61  9:41  Marine x2  
  61  9:42  Marine  
  64  9:47  SCV x2  
  66  9:59  Marine x3, SCV x2  
  70  10:02  Siege Tank  
  70  10:03  Siege Tank  
  77  10:12  Supply Depot x2  
  77  10:17  Marine  
  78  10:33  Marine x2, Medivac  
  78  10:35  Marine  
  83  10:51  Marine x2  
  83  10:52  Marine  
  86  11:07  Medivac  
  86  11:08  Medivac  
  86  11:09  Marine x2  
  86  11:10  Marine  
  93  11:27  Marine  
  94  11:39  Command Center  
  94  11:41  Supply Depot  
  94  11:42  Supply Depot  
  94  11:45  Supply Depot  
  94  11:58  Marine, Reaper, Medivac, SCV x2  
  100  12:07  Armory  
  99  12:09  Marine  
  99  12:10  SCV  
  99  12:14  Planetary Fortress  
  101  12:16  Marine  
  102  12:27  Marine  
  102  12:30  Marine  
  102  12:34  Marauder  
  91  13:35  SCV x3  
  92  13:47  SCV x3  
  95  13:50  Reaper  
  95  13:51  Marauder  
  95  13:53  Viking  
  95  13:54  Viking  
  101  14:12  Marauder  
  99  14:23  Viking  
  99  14:24  Viking  
  101  14:34  Marauder  
  100  14:53  Viking  
  100  14:54  Viking  
  100  14:55  Marauder  
Show
View Real Time Build Order
Export as new Build Order

Ziazik Terran 

Build Orders:  

Get SALT Encoding   

  12  0:01  SCV  
  13  0:14  SCV  
  14  0:18  Supply Depot  
  14  0:26  SCV  
  15  0:40  SCV  
  16  0:43  Barracks  
  16  0:53  Refinery  
  16  0:55  SCV  
  17  1:04  Supply Depot  
  17  1:09  Refinery  
  17  1:20  SCV  
  18  1:32  SCV  
  19  1:44  Marine, SCV  
  21  1:51  Factory  
  21  2:01  Orbital Command  
  21  2:19  Factory  
  21  2:25  Supply Depot  
  21  2:38  Factory Reactor  
  21  2:43  Supply Depot  
  21  2:48  SCV  
  22  3:00  SCV  
  22  3:03  Cyclone  
  26  3:17  Widow Mine x2  
  29  3:52  Cyclone x2  
  29  3:53  Cyclone  
  38  4:24  Hellion x2  
  38  4:27  Cyclone  
  45  5:09  Supply Depot x2  
  45  5:11  SCV  
  46  5:17  Cyclone x3  
  32  6:03  Cyclone x3  
  41  6:08  Marine  
  42  6:26  Marine  
  40  6:38  Hellion x2  
  40  6:39  Hellion  
  46  6:43  Marine  
  47  6:59  Cyclone x2  
  47  7:00  Cyclone  
  56  7:01  Marine  
  56  7:06  Starport  
  57  7:19  Marine  
  46  7:41  Hellion x3  
  52  7:56  Starport Tech Lab  
  52  8:02  Hellion x3  
  52  8:03  Fusion Core  
  49  8:50  Starport  
  49  8:56  Weapon Refit  
  49  9:02  Starport  
  49  9:06  Hellion x3  
  47  9:55  Battlecruiser  
  53  10:13  Command Center  
  53  10:19  Marine  
  54  10:35  Command Center  
  54  10:37  Marine  
  54  10:55  Marine  
  55  11:13  Marine  
  56  11:25  Battlecruiser  
  62  12:09  Refinery  
  62  12:21  SCV  
  63  12:25  Starport Tech Lab  
  63  12:27  Starport Tech Lab  
  63  12:33  SCV  
  62  12:45  SCV  
  63  12:57  SCV  
  53  13:09  SCV  
  45  13:21  SCV  
  46  13:29  Barracks  
  46  13:33  SCV  
  26  13:56  Supply Depot x3  
  26  13:57  Supply Depot  
  26  13:59  Supply Depot  
  26  14:18  Barracks, SCV  
  27  14:30  SCV  
  28  14:38  Marine  
  29  14:56  Marine  
  30  15:02  Factory  
  30  15:07  Barracks  
Tags
 
Add a new tag
Caveats
  • Supply blocks, unpowered buildings, or Contaminate may cause inaccurate times.
  • Supply counts are checked every 10 seconds.